 Dungeon Crawl Stone Soup version 0.23-a0-313-gf30bb39 (webtiles) character file.

90 b5mith the Skirmisher (level 4, -3/37 HPs)
             Began as a Human Wanderer on Oct 12, 2018.
             Slain by Natasha (4 damage)
             ... on level 2 of the Dungeon.
             The game lasted 00:04:43 (1401 turns).

b5mith the Skirmisher (Human Wanderer)              Turns: 1401, Time: 00:04:43

Health: -3/37      AC:  4    Str: 14    XL:     4   Next: 85%
Magic:  4/4        EV: 12    Int: 11    God:
Gold:   74         SH:  0    Dex: 13    Spells: 3/3 levels left

rFire    . . .     SeeInvis .   a - +0 mace
rCold    . . .     Gourm    .   (no shield)
rNeg     . . .     Faith    .   g - +0 troll leather armour
rPois    .         Spirit   .   (no helmet)
rElec    .         Reflect  .   (no cloak)
rCorr    .         Harm     .   (no gloves)
MR       .....                  (no boots)
Stlth    +.........             (no amulet)
HPRegen  0.52/turn              (no ring)
MPRegen  0.09/turn              (no ring)

@: no status effects
A: no striking features
a: no special abilities


You were on level 2 of the Dungeon.
You were not hungry.

You visited 1 branch of the dungeon, and saw 2 of its levels.

You collected 74 gold pieces.

Inventory:

Hand Weapons
 a - a +0 mace (weapon)
 b - a +2 blowgun
Missiles
 j - 2 curare-tipped needles
 l - 2 needles of confusion
Armour
 e - a +0 robe
 g - a +0 troll leather armour (worn)
   (You found it on level 1 of the Dungeon)
Scrolls
 h - 3 scrolls of identify {unknown}
 i - 3 scrolls of remove curse {unknown}
 n - a scroll of amnesia {unknown}
 o - a scroll of immolation {unknown}
 p - 2 scrolls of fear {unknown}
 r - 2 scrolls of magic mapping {unknown}
 s - a scroll of teleportation {unknown}
Potions
 k - a potion of curing {unknown}
 m - a potion of haste {unknown}
 q - a potion of might {unknown}
Comestibles
 c - 4 chunks of flesh
 f - 5 rations


   Skills:
 + Level 4.2 Fighting
 + Level 3.5 Maces & Flails
 - Level 1.0 Throwing
 - Level 1.0 Armour
 - Level 2.0 Dodging
   Level 1.0 Shields


You had 3 spell levels left.
You didn't know any spells.
Your spell library was empty.

Dungeon Overview and Level Annotations

Branches:
Dungeon (2/15)

Altars:

Annotations:
D:2 Natasha


Message History

c - 4 chunks of flesh (gained 1)
You enter a teleport trap!
The teleport trap disappears.
Your surroundings suddenly seem different.
A worm comes into view.
Natasha, Servant of Life and Death comes into view.
Natasha hisses angrily.
Natasha stares at you and mumbles some strange words.
You resist with some effort.
Natasha zaps a wand.
The puff of flame misses you.
It is a wand of flame (23).
Natasha zaps a wand.
The puff of flame hits you! The worm barely misses you.
You hit the worm.
The worm is moderately wounded.
The worm closely misses you.
You hit the worm but do no damage.
The worm is moderately wounded.
You hit the worm.
The worm is heavily wounded.
The worm barely misses you. Natasha claws you.
You barely miss the worm.
The worm is moderately wounded.
Natasha claws you. The worm barely misses you.
You hit the worm.
The worm is heavily wounded.
Natasha claws you.
You hit the worm.
The worm is almost dead.
Natasha claws you. The worm bites you.
* * * LOW HITPOINT WARNING * * *
Natasha claws you but does no damage.
You hit the worm.
You kill the worm!
Natasha zaps a wand.
The puff of flame hits you!
* * * LOW HITPOINT WARNING * * *
Natasha claws you.
* * * LOW HITPOINT WARNING * * *
You see here a worm corpse.
You hit Natasha.
Natasha is moderately wounded.
Natasha claws you.
* * * LOW HITPOINT WARNING * * *
You closely miss Natasha.
Natasha is moderately wounded.
Natasha misses you.
You hit Natasha.
Natasha is heavily wounded.
Natasha claws you.
* * * LOW HITPOINT WARNING * * *
Natasha claws you.
You die...

#............#.####..............
##...........#.#.....)...........
#...........#.#.................
#...........#.#........###+###..
#...........#.#............# #..
#...........#.##.......##### #..
#######.<......####.....#######..
...............†..####.......####
........>......h@......#####.....
.......#####.####.....##...##....
.......# #.#.......##.....##...
.......#####.#.......#.......#...
...........#.#.......#.....÷.'...
.......###.#...#....##.......#...
...........<#)......###.....##...
.........#.##.##....# ##...###...
#####.#######.##.)..# ##### #...


You could see Natasha.

Vanquished Creatures
  Natasha (D:2)
  An adder (D:2)
  3 worms (D:2)
  2 dart slugs
  3 leopard geckos
  5 bats
  A giant cockroach (D:2)
  4 goblins
  5 hobgoblins
  A quokka (D:2)
  5 frilled lizards
  7 kobolds
  4 rats
42 creatures vanquished.

Notes
Turn   | Place    | Note
-------+----------+-------------------------------------------
     0 | D:1      | b5mith the Human Wanderer began the quest for the Orb.
     0 | D:1      | b5mith set off with: 3 curare-tipped needles, a +2 blowgun,
                  | a +0 mace, a potion of lignification, a +0 robe, a ration
     0 | D:1      | Reached XP level 1. HP: 18/18 MP: 1/1
   248 | D:1      | Reached XP level 2. HP: 24/24 MP: 2/2
   485 | D:1      | Reached XP level 3. HP: 27/29 MP: 3/3
  1097 | D:2      | Reached XP level 4. HP: 37/37 MP: 4/4
  1133 | D:2      | Reached skill level 4 in Fighting
  1247 | D:2      | Noticed Natasha
  1270 | D:2      | Killed Natasha
  1384 | D:2      | Noticed Natasha
  1401 | D:2      | HP: 1/37 [Natasha (3)]
  1401 | D:2      | Slain by Natasha

Vault maps used:
D:1:      lightli_molten_gateway
D:2:      kennysheep_six_static_rooms, nicolae_qazlal_style_of_elements,
          uniq_terence, uniq_natasha

Skill      XL: |  1  2  3  4 |
---------------+-------------+-----
Maces & Flails | 3 |  3.5
Fighting       | 4 |  4.2
Throwing       | |  1.0
Armour         | |  1.0
Dodging        | |  2.0
Shields        | |  1.0

Action                   |  1- 3 |  4- 6 || total
-------------------------+-------+-------++-------
Melee: Mace              |   135 |    48 ||   183
 Fire: Blowgun           |     3 |       ||     3
  Use: Potion            |       |     1 ||     1
 Stab: Sleeping          |     1 |       ||     1
  Eat: Chunk             |     1 |     1 ||     2
Armor: Troll leather arm |    34 |    22 ||    56
       Robe              |     1 |       ||     1
       Skin              |       |     1 ||     1
Dodge: Dodged            |   111 |    30 ||   141

Table legend:
 A = Non-vault XP
 B = Vault XP
 C = Vault XP percentage of total XP
 D = Non-vault monster count
 E = Vault monster count
 F = Vault count percentage of total count
                 A         B        C        D         E       F
            +---------+---------+-------+---------+---------+-------
      Total |      87 |      42 |  32.6 |      35 |       7 |  16.7
            +---------+---------+-------+---------+---------+-------
        D:1 |      31 |       0 |   0.0 |      17 |       0 |   0.0
        D:2 |      56 |      42 |  42.9 |      18 |       7 |  28.0
            +---------+---------+-------+---------+---------+-------
